 Dungeon Crawl Stone Soup version 0.30-a0-702-gdf48620a09 (webtiles) character file.

Game seed: 5017647371772252689

37 flotson the Sneak (level 3, -4/29 HPs)
             Began as a Demonspawn Delver on Jan 22, 2023.
             Slain by a gnoll
             ... wielding a +0 flail
              (6 damage)
             ... on level 2 of the Dungeon.
             The game lasted 00:03:26 (661 turns).

flotson the Sneak (Demonspawn Delver)                Turns: 661, Time: 00:03:27

Health: -4/29      AC: 10    Str: 12 (14) XL:     3   Next: 23%
Magic:  3/3        EV: 11    Int: 10 (11) God:
Gold:   29         SH:  0    Dex: 13 (14) Spells: 2/2 levels left

rFire   . . .      SeeInvis .    b - +0 shortbow
rCold   . . .      Faith    .    (shield currently unavailable)
rNeg    . . .      Spirit   .    d - +0 leather armour
rPois   .          Reflect  .    (no helmet)
rElec   .          Harm     .    (no cloak)
rCorr   .          Rampage  .    j - +1 pair of gloves
Will    .....                    e - +0 pair of boots
Stlth   ++                       (no amulet)
HPRegen 0.24/turn                h - +4 ring of protection
MPRegen 0.16/turn                (no ring)

@: no status effects
A: hooves 1, magic regeneration
a: no special abilities


You were on level 2 of the Dungeon.
You visited 1 branch of the dungeon, and saw 4 of its levels.

You collected 29 gold pieces.

Inventory:

Hand Weapons
 a - a +0 dire flail
 b - a +0 shortbow (weapon)
 l - a +0 hand axe
Missiles
 i - 3 datura-tipped darts
Armour
 d - a +0 leather armour (worn)
 e - a +0 pair of boots (worn)
 j - a +1 pair of gloves (worn)
Jewellery
 h - a +4 ring of protection (left hand)
Wands
 g - a wand of digging (3)
Scrolls
 c - a scroll of fog
 k - a scroll of blinking {unknown}
 n - a scroll of silence {unknown}


   Skills:
 + Level 3.2 Fighting
 + Level 2.1 Axes
 + Level 0.7 Throwing
 + Level 0.7 Armour
 + Level 2.0 Dodging
 + Level 4.7 Stealth
 + Level 0.7 Evocations


You had 2 spell levels left.
You didn't know any spells.
Your spell library was empty.

Dungeon Overview and Level Annotations

Branches:
Dungeon (5/15)
 Temple: D:4-7

Altars:

Shops:
D:4 ?


Innate Abilities, Weirdness & Mutations

You have large cloven feet.
You regenerate magic rapidly.


Message History

Fire: b) +0 shortbow
Press: ? - help, Q - select action, (/) - cycle Shift-Dir - straight line, f/p - gnoll
Aim: a gnoll, wielding a +0 flail (heavily wounded, 61% to hit)
You shoot an arrow. The arrow hits the gnoll.
The gnoll is almost dead.
The bat hits you but does no damage. x2; The gnoll closely misses you.
The bat closely misses you.
Fire: b) +0 shortbow
Press: ? - help, Q - select action, (/) - cycle Shift-Dir - straight line, f/p - gnoll
Aim: a gnoll, wielding a +0 flail (almost dead, 61% to hit)
You shoot an arrow. The arrow barely misses the gnoll.
The bat hits you but does no damage. x2; The gnoll barely misses you.
The bat hits you but does no damage. The gnoll barely misses you.
Fire: b) +0 shortbow
Press: ? - help, Q - select action, (/) - cycle Shift-Dir - straight line, f/p - gnoll
Aim: a gnoll, wielding a +0 flail (almost dead, 61% to hit)
You shoot an arrow. The arrow barely misses the gnoll.
The bat hits you but does no damage. x2; The bat barely misses you.
The gnoll closely misses you. The bat completely misses you.
Fire: b) +0 shortbow
Press: ? - help, Q - select action, (/) - cycle Shift-Dir - straight line, f/p - gnoll
Aim: a gnoll, wielding a +0 flail (almost dead, 61% to hit)
You shoot an arrow. The arrow barely misses the gnoll.
The bat closely misses you. The gnoll hits you but does no damage.
The gnoll barely misses you.
Fire: b) +0 shortbow
Press: ? - help, Q - select action, (/) - cycle Shift-Dir - straight line, f/p - gnoll
Aim: a gnoll, wielding a +0 flail (almost dead, 61% to hit)
You shoot an arrow. The arrow closely misses the gnoll.
The bat closely misses you. x2; The bat hits you but does no damage.
The gnoll barely misses you.
Fire: b) +0 shortbow
Press: ? - help, Q - select action, (/) - cycle Shift-Dir - straight line, f/p - gnoll
Aim: a gnoll, wielding a +0 flail (almost dead, 61% to hit)
You shoot an arrow. The arrow barely misses the gnoll.
The bat barely misses you. The bat hits you but does no damage.
The gnoll hits you with a +0 flail.
* * * LOW HITPOINT WARNING * * *
The gnoll hits you with a +0 flail.
You die...

#.. #.# #... #.#
##..######.#
#........#.#
#.#.....#.#
#.........#
###.....#########
########.....#........
#...b@g).......#######
#.#######...#######
#.........#
####..g......#
..............#
#####.........#
#.........#
#.........#
#.........#


You could see a gnoll and a bat.

Vanquished Creatures
  2 gnolls (D:2)
  An ufetubus (D:4)
  A dart slug (D:3)
  An orc (D:3)
  2 giant cockroaches
  2 ball pythons
  2 rats (D:2)
11 creatures vanquished.

Vanquished Creatures (others)
  A goblin (D:3)
1 creature vanquished.

Grand Total: 12 creatures vanquished

Notes
Turn   | Place    | Note
-------+----------+-------------------------------------------
     0 | D:5      | flotson the Demonspawn Delver began the quest for the Orb.
     0 | D:5      | Reached XP level 1. HP: 18/18 MP: 1/1
     8 | D:4      | Noticed an iguana
     8 | D:4      | Noticed an orc wizard
   235 | D:5      | Noticed a phantom
   272 | D:5      | Noticed a gnoll bouda
   315 | D:4      | Found Baogreb's Magic Scroll Shoppe.
   379 | D:3      | Noticed an orc priest
   436 | D:3      | Gained mutation: You have large cloven feet. [demonic
                  | ancestry]
   436 | D:3      | Reached XP level 2. HP: 14/24 MP: 2/2
   652 | D:2      | Gained mutation: You regenerate magic rapidly. [demonic
                  | ancestry]
   652 | D:2      | Reached XP level 3. HP: 13/29 MP: 3/3
   661 | D:2      | Slain by a gnoll

Illustrated notes

Levels and vault maps discovered:
D:2:      layout_loops_ring, uniq_crazy_yiuf_cottage, uniq_jessica
D:3:      layout_loops_ring, nicolae_ru_sacrificial_ziggurat
D:4:      layout_cave_pools, temple_pool_b, serial_shops, shop,
          nicolae_shop_temple_entry_statues_fountains, nicolae_stop_n_shop_1,
          serial_glass, glass_columns_a, glass_columns_a, item_on_display_a,
          feat_on_display, feat_on_display
D:5:      layout_loops_ring, yredelemnul_forgotten_temple_becter,
          hangedman_decor_lopped

Skill      XL: |  1  2 |
---------------+-------+-----
Axes           | 2 |  2.1
Dodging        | 2 |  2.0
Fighting       | |  3.2
Throwing       | |  0.7
Armour         | |  0.7
Stealth        | |  4.7
Evocations     | |  0.7

Action                   || total
-------------------------++-------
Melee: Dire flail        ||    23
       Kick              ||     2
 Fire: Shortbow          ||    26
  Use: Scroll            ||     2
       Potion            ||     3
Armor: Leather armour    ||    53
Dodge: Dodged            ||    92

Table legend: (Time is in decaauts)
 A = Elapsed time spent in this place.
 B = Non-inter-level travel time spent in this place.
 C = Inter-level travel time spent in this place.
 D = Time resting spent in this place.
 E = Time spent auto-exploring this place.
 F = Levels seen in this place.
 G = Mean time per level.
                   A        B        C        D        E       F      G
               +--------+--------+--------+--------+--------+-----+--------+
         Total |    659 |    659 |      0 |      0 |    275 |   4 |  164.8 |
       Dungeon |    659 |    659 |      0 |      0 |    275 |   4 |  164.8 |
               +--------+--------+--------+--------+--------+-----+--------+

Top non-repeatable levels by time:
     D:5: 302 daAuts
     D:3: 226 daAuts
     D:2: 111 daAuts
     D:4: 18 daAuts
